 Dungeon Crawl Stone Soup version 0.17.0-23-g0de4337 (webtiles) character file.

78 JudasIscariot the Shield-Bearer (level 4, -3/29 HPs)
             Began as a Gargoyle Fighter on Nov 13, 2015.
             Killed by nerve-wracking pain
             ... invoked by Grinder
              (11 damage)
             ... on level 3 of the Dungeon.
             The game lasted 00:05:10 (2364 turns).

JudasIscariot the Shield-Bearer (Gargoyle Fighter)  Turns: 2364, Time: 00:05:10

Health: -3/29      AC: 13    Str: 25    XL:     4   Next: 36%
Magic:  4/4        EV:  6    Int:  9    God:
Gold:   118        SH:  9    Dex:  9    Spells: 0 memorised, 3 levels left

rFire  . . .     SeeInvis .     a - +0 flail
rCold  . . .     Clarity  .     o - +0 chain mail
rNeg   + . .     SustAt   .     c - +0 shield
rPois  ∞         Gourm    .     (no helmet)
rElec  +         Spirit   .     (no cloak)
rCorr  .         Warding  .     (no gloves)
rMut   .         Stasis   .     (no boots)
MR     .....                    (no amulet)
Stlth  ..........               (no ring)
                                (no ring)

@: mighty, not resistant to hostile enchantments, extremely unstealthy
A: negative energy resistance 1, electricity resistance, unbreathing,
petrification resistance, rot immunity, AC +3
a: no special abilities


You were on level 3 of the Dungeon.
You were not hungry.

You visited 1 branch of the dungeon, and saw 3 of its levels.

You collected 118 gold pieces.

Inventory:

Hand Weapons
 a - a +0 flail (weapon)
Armour
 b - a +0 scale mail
 c - a +0 shield (worn)
 o - a +0 chain mail (worn)
Scrolls
 j - a scroll of enchant armour {unknown}
 l - a scroll of recharging {unknown}
 m - 2 scrolls of identify {unknown}
Potions
 d - a potion of might
 h - a potion of mutation {unknown}
 i - a potion of lignification {unknown}
 p - a potion of curing {unknown}
 q - a potion of brilliance {unknown}
Comestibles
 e - 3 bread rations
 f - 5 chunks of flesh
 g - a beef jerky
 k - 4 fruits
 n - a meat ration


   Skills:
 * Level 3.9 Fighting
 * Level 2.6 Maces & Flails
 * Level 4.0 Armour
 * Level 4.1 Shields


You had 3 spell levels left.
You didn't know any spells.

Dungeon Overview and Level Annotations

Branches:
Dungeon (3/15)

Altars:
Elyvilon
Kikubaaqudgha
Makhleb
Ru
Zin

Annotations:
D:3 Grinder


Innate Abilities, Weirdness & Mutations

You are resistant to torment.
Your stone body is resilient (AC +3).
You are immune to poison.
You resist negative energy.
You are resistant to electric shocks.
You can survive without breathing.
You are immune to petrification.
You are immune to rotting.


Message History

You completely miss Grinder.
Grinder is lightly wounded.
Grinder gestures at you. You resist with significant effort.
Your shield prevents you from hitting Grinder.
Grinder is lightly wounded.
Grinder gestures at you. Pain shoots through your body! Grinder hits you.
You barely miss Grinder.
Grinder is lightly wounded.
Grinder hits you.
* * * LOW HITPOINT WARNING * * *
You sock Grinder!
Grinder is heavily wounded.
Grinder hits you but does no damage. x2
You closely miss Grinder.
Grinder is heavily wounded.
Grinder gestures at you. Pain shoots through your body!
You die...

#.....) ..... ###
#...... .....
#####8######......
#...#
8_.._.._8##......
#....
#≈.....≈##..#####
#....##≈≈...≈≈##..#
#.....##≈≈.≈≈##..##
#...#5.##≈.≈##..##
#.....@.##'##..##
#####.........##
##.....#### #######


You could see Grinder.

Vanquished Creatures
  2 gnolls (D:1)
  An adder (D:3)
  A worm (D:3)
  4 giant geckos
  An orc (D:3)
  A giant cockroach (D:1)
  6 hobgoblins
  2 jackals (D:1)
  7 kobolds
  5 bats
  2 giant newts
  5 goblins
  6 rats
43 creatures vanquished.

Notes
Turn   | Place    | Note
--------------------------------------------------------------
     0 | D:1      | JudasIscariot the Gargoyle Fighter began the quest for the Orb.
     0 | D:1      | Reached XP level 1. HP: 14/14 MP: 1/1
   126 | D:1      | Reached XP level 2. HP: 6/20 MP: 2/2
   538 | D:1      | Reached XP level 3. HP: 24/24 MP: 3/3
  1708 | D:2      | Found a sacrificial altar of Ru.
  1709 | D:2      | Found a burning altar of Makhleb.
  2024 | D:3      | Found a faded altar to an unknown god.
  2067 | D:3      | Reached skill level 4 in Armour
  2067 | D:3      | Reached XP level 4. HP: 29/29 MP: 4/4
  2342 | D:3      | Found a glowing silver altar of Zin.
  2342 | D:3      | Found an ancient bone altar of Kikubaaqudgha.
  2342 | D:3      | Found a white marble altar of Elyvilon.
  2344 | D:3      | Noticed Grinder
  2347 | D:3      | Paralysed by Grinder for 6 turns
  2364 | D:3      | Killed from afar by Grinder

Action                   |  1- 3 |  4- 6 || total
-------------------------+-------+-------++-------
Melee: Flail             |   121 |    39 ||   160
  Use: Potion            |       |     1 ||     1
  Eat: Chunk             |     4 |     1 ||     5
